 Dungeon Crawl Stone Soup version 0.31-a0-672-g7da72447bb (webtiles) character file.

Game seed: 10895187638941569107

68641 DocEon the Grappler (level 14, -7/125 HPs)
             Began as a Grey Draconian Shapeshifter on Sept 5, 2023.
             Was a Believer of Jiyva.
             Mangled by a frost giant
             ... wielding a +0 battleaxe of freezing
              (30 damage)
             ... on level 12 of the Dungeon.
             The game lasted 00:39:28 (25704 turns).

DocEon the Grappler (Grey Draconian Shapeshifter)  Turns: 25704, Time: 00:39:28

Health: -7/125     AC: 18    Str: 21    XL:     14   Next: 87%
Magic:  21/21      EV: 17    Int: 17    God:    Jiyva [**....]
Gold:   544        SH:  0    Dex: 15    Spells: 6/19 levels left

rFire   + +          .
                       - Unarmed
rCold   . . .        (shield currently unavailable)
rNeg    + . .        (body armour unavailable)
rPois   .            l - +1 hat "Yphoelut" {rElec Regen+ Str+3 Stlth-}
rElec   +            (no cloak)
rCorr   +            G - +1 pair of gloves "Vouc Yth" {rF+ rN+ Int+4 Dex+3}
SInv    .            D - +1 pair of boots {rampage}
Will    +....        J - amulet of the acrobat
Stlth   x              - ring of protection from fire
HPRegen 2.16/turn    M - +4 ring of slaying
MPRegen 0.47/turn

%: acrobat, rampage
@: about to teleport, flux-form, slowed, glowing, very slow
A: glow, contaminating, AC +13, amphibious, unfitting armour, cold-blooded
a: Begin Untransformation, Renounce Religion


You were on level 12 of the Dungeon.
You worshipped Jiyva.
Jiyva was pleased with you.
You were something dangerously unstable.
You visited 5 branches of the dungeon, and saw 25 of its levels.

You collected 1388 gold pieces.
You spent 844 gold pieces at shops.

Inventory:

Missiles
 s - 3 javelins
 v - a curare-tipped dart
Armour
 l - the +1 hat "Yphoelut" (worn) {rElec Regen+ Str+3 Stlth-}
   (You found it on level 2 of the Orcish Mines)

   Str+3:     It affects your strength (+3).
   rElec:     It insulates you from electricity.
   Regen+:    It increases your rate of health regeneration.
   Stlth-:    It makes you less stealthy.
 y - a +1 pair of gloves
 A - the +0 hat of Pufamum {rCorr}
   (You found it on level 2 of the Orcish Mines)

   rCorr:     It protects you from acid and corrosion.
 D - a +1 pair of boots of rampaging (worn)
 G - the +1 pair of gloves "Vouc Yth" (worn) {rF+ rN+ Int+4 Dex+3}
   (You acquired it on level 11 of the Dungeon)

   Int+4:     It affects your intelligence (+4).
   Dex+3:     It affects your dexterity (+3).
   rF+:       It protects you from fire.
   rN+:       It protects you from negative energy.
 Q - a +0 buckler
Jewellery
 k - a ring of resist corrosion
 p - a ring of protection from fire
 w - a +6 ring of dexterity
 x - a ring of protection from fire (left hand)
 H - a ring of positive energy
 I - a ring of ice
 J - an amulet of the acrobat (around neck)
 M - a +4 ring of slaying (right hand)
 N - the amulet of Mistrust {Harm rElec Will- Regen+ Int+5}
   (You found it on level 5 of the Lair of Beasts)

   [amulet of regeneration]

   Int+5:     It affects your intelligence (+5).
   rElec:     It insulates you from electricity.
   Will-:     It decreases your willpower.
   Regen+:    It increases your rate of health regeneration.
   Harm:      It increases damage dealt and taken.
 O - a ring of wizardry
 P - a ring of willpower
Talismans
 b - a beast talisman
 c - a flux talisman (active)
 K - a blade talisman
Wands
 e - a wand of charming (6)
 r - a wand of flame (44)
 u - a wand of polymorph (4)
 z - a wand of light (1)
Scrolls
 j - 3 scrolls of revelation
 o - 2 scrolls of enchant weapon
 t - 3 scrolls of vulnerability
 E - 2 scrolls of amnesia
 L - a scroll of fog
 S - a scroll of identify
Potions
 a - a potion of haste
 d - 5 potions of attraction
 f - 2 potions of brilliance
 g - 3 potions of enlightenment
 h - 3 potions of mutation
 i - a potion of might
 m - a potion of invisibility
 n - 2 potions of magic
 B - a potion of resistance
 C - 4 potions of curing
 F - 2 potions of cancellation
 R - a potion of berserk rage {unknown}


   Skills:
 + Level 11.7 Fighting
 + Level 9.9 Dodging
 * Level 14.9 Unarmed Combat
 + Level 3.0 Spellcasting
 + Level 7.2 Earth Magic
 - Level 9.8 Invocations
 + Level 12.1 Shapeshifting


You had 6 spell levels left.
You knew the following spells:

 Your Spells              Type           Power      Damage    Failure   Level
a - Lee's Rapid Deconstr  Erth           13%        3d9*      24%         5
b - Leda's Liquefaction   Hex/Erth       7%         N/A       36%         4
c - Lesser Beckoning      Tloc           4%         N/A       26%         2
d - Passwall              Tmut/Erth      11%        N/A       6%          2

Your spell library contained the following spells:

 Spells                   Type           Power      Damage    Failure   Level
 Sandblast                Erth           54%        2d13      1%          1
 Stone Arrow              Conj/Erth      28%        3d8       12%         3
 Apportation              Tloc           4%         N/A       17%         1
 Magic Dart               Conj           8%         1d3       17%         1
 Call Imp                 Summ           4%         N/A       26%         2
 Searing Ray              Conj           4%         2d4       26%         2
 Gell's Gravitas          Tloc           2%         N/A       45%         3
 Mephitic Cloud           Conj/Pois/Air  2%         N/A       45%         3
 Teleport Other           Tloc           2%         N/A       45%         3
 Fulminant Prism          Conj/Hex       1%         3d5       86%         4
 Vhi's Electric Charge    Tloc/Air       4%         N/A       86%         4
 Alistair's Intoxication  Tmut/Pois      1%         N/A       99%         5
 Arcjolt                  Conj/Air       1%         1d11      99%         5
 Summon Forest            Summ/Tloc      1%         N/A       99%         5
 Summon Mana Viper        Hex/Summ       2%         N/A       99%         5
 Leda's Unmaking          Conj/Erth      7%         9d2       99%         6
 Summon Cactus Giant      Summ           1%         N/A       100%        6
 Maxwell's Capacitive Co  Air            1%         ∞         100%        8


Dungeon Overview and Level Annotations

Branches:
Dungeon (12/15)            Temple (1/1) D:5            Lair (5/5) D:11
 Shoals (0/4) Lair:3       Spider (0/4) Lair:2        Slime (5/5) Lair:4
    Orc (2/2) D:11            Elf (0/3) Orc:2

Altars:
Ashenzari
Cheibriados
Dithmenos
Elyvilon
Fedhas
Gozag
Hepliaklqana
Kikubaaqudgha
Makhleb
Nemelex Xobeh
Okawaru
Qazlal
Ru
Sif Muna
Trog
Uskayaw
Vehumet
Wu Jian
Xom
Yredelemnul
Zin
The Shining One
Jiyva

Shops:
D:5 (   D:11 ?   D:12 =   Orc:1 **   Orc:2 [:*(*

Annotations:
D:3 1 runed translucent door, Crazy Yiuf
Slime:5 Royal Jelly


Innate Abilities, Weirdness & Mutations

You are something dangerously unstable.
You glow with magical radiation, making you easy to see and hit.
Foes you strike become dangerously contaminated with magical radiation.
You are incapable of wielding weapons or throwing items.
Your dull iron-grey scales are very hard. (AC +13)
You are amphibious.
You cannot fit into any form of body armour.
You are cold-blooded and may be slowed by cold attacks.


Message History

The vampire mosquito completely misses you.
You hit the sphinx.
The sphinx shudders as magic cascades through it.
The sphinx twists and deforms.
You tail-slap the sphinx.
The sphinx is severely wounded.
The fire elemental hits you. The fire elemental burns you! You resist.
The sphinx hits you but does no damage. The sphinx barely misses you.
The sphinx hits you but does no damage. The vampire mosquito misses you.
You punch the sphinx!
The sphinx begins to glow.
You tail-slap the sphinx.
The sphinx is almost dead.
The vampire mosquito closely misses you.
The fire elemental closely misses you. The sphinx misses you.
The sphinx barely misses you. The sphinx misses you.
The frost giant hits you with a +0 battleaxe of freezing!!
You feel yourself slow down. The frost giant freezes you!
A moth of wrath comes into view.
A deep elf pyromancer comes into view. It is wielding a +0 long sword.
The vampire mosquito bites you but does no damage.
You punch the sphinx!
You kill the sphinx!
The deep elf pyromancer stops glowing.
The fire elemental closely misses you.
The vampire mosquito bites you but does no damage.
The frost giant hits you with a +0 battleaxe of freezing!!!
* * * LOW HITPOINT WARNING * * *
You feel as though you will be slow longer.
The frost giant freezes you!
* * * LOW HITPOINT WARNING * * *
The fire elemental misses you. The vampire mosquito misses you.
Your Spellcasting skill increases to level 3!
As you read the scroll of teleportation, it crumbles to dust.
You feel strangely unstable.
The vampire mosquito bites you but does no damage.
The fire elemental hits you. The fire elemental burns you! You resist.
* * * LOW HITPOINT WARNING * * *
The frost giant casts a spell at you. The bolt of cold misses you.
The vampire mosquito closely misses you.
The moth of wrath goads something on!
The fire elemental barely misses you.
The frost giant hits you with a +0 battleaxe of freezing!!
You die...

#.......#..............y.........
#.......#............. ..........
#.......#............ ..........
#......[†.........e# #####.....
#.........c..y.....# #.....
#..................##.. #.....
#......##....e.ey..##..# #.....
#>.....##..#####CE.##..# #.....
#†.....##..# #By.##..# #.....
.......##^.# #†..##..# #.....
.......##..# #...##..# #...<.
......?##..# #...##..#####.....
##.....##..# #.................
#.....##..# #.................
#.....##..# #..###...#####..##
#.##..##..# #..# #...# #..#
#.##..##..# #..# #...# #..#


You could see a frost giant, a moth of wrath, 2 deep elf pyromancers, a fire
elemental (summoned) and 2 vampire mosquitoes.

Vanquished Creatures
  A sphinx (D:12)
  A storm dragon (D:12)
  Gastronok (D:12)
  An orc warlord (Orc:2)
  Azrael (Orc:2)
  3 dire elephants (Lair:5)
  Fannar (Lair:3)
  A shambling mangrove (Lair:4)
  4 hydras
  Erolcha (Orc:1)
  5 boulder beetles
  7 death yaks
  2 two-headed ogres
  2 orc high priests
  2 skysharks (Lair:5)
  Nergalle (Orc:2)
  2 spectral death yaks (Lair:5)
  Amaemon (Lair:2)
  A spectral anaconda (Lair:5)
  An obsidian statue (Lair:5)
  4 necromancers (Lair:5)
  4 orc knights
  6 orc sorcerers
  2 deep elf pyromancers (Orc:2)
  2 oklob plants (Lair:4)
  3 cyclopes
  7 elephants (Lair:5)
  A dire elephant zombie (Lair:5)
  2 black mambas (Lair:5)
  An orange demon (Lair:2)
  10 cane toads
  3 unseen horrors
  2 torpor snails (Lair:2)
  Maggie (Lair:1)
  2 rime drakes
  6 komodo dragons
  A polar bear (Lair:5)
  4 trolls
  4 blink frogs (Lair:2)
  A spectral elephant (Lair:5)
  5 dream sheep (Lair:5)
  A vampire (D:10)
  2 culicivoras (Lair:2)
  49 yaks
  Sigmund (D:2)
  A shadow (D:10)
  A spriggan (Lair:5)
  2 wraiths
  2 fire elementals (Orc:2)
  12 wyverns
  3 basilisks
  A steam dragon (D:7)
  A death yak simulacrum (Lair:5)
  2 spectral cane toads (Lair:5)
  2 vampire mosquitoes (D:11)
  4 wargs
  An acid dragon (D:5)
  14 water moccasins
  Duvessa (D:6)
  3 hell hounds (Orc:2)
  2 ice beasts
  A swamp drake (Orc:2)
  A black bear (D:6)
  19 orc warriors
  4 sky beasts
  4 ogres
  An elephant skeleton (Lair:5)
  2 elephant zombies (Lair:5)
  A phantom (D:4)
  8 centaurs
  2 kobold brigands
  Blork the orc (D:6)
  12 bullfrogs
  A gnoll sergeant (D:10)
  2 cane toad simulacra (Lair:5)
  3 scorpions
  Dowan (D:6)
  A ballistomycete (Lair:4)
  An elephant simulacrum (Lair:5)
  11 killer bees
  7 howler monkeys
  A crimson imp (Orc:2)
  12 orc priests
  A gnoll bouda (D:10)
  A hound (D:5)
  2 jellies (D:6)
  Jessica (D:3)
  2 sleepcaps
  11 iguanas
  27 orc wizards
  6 hell rats (Lair:5)
  21 gnolls
  5 adders
  2 shadow imps
  2 white imps
  An ufetubus (D:7)
  A worm (D:3)
  5 dart slugs
  49 orcs
  3 ball pythons
  2 endoplasms
  5 giant cockroaches
  10 goblins
  8 hobgoblins
  10 kobolds
  3 quokkas
  5 bats
  5 frilled lizards
  6 rats
505 creatures vanquished.

Vanquished Creatures (others)
  2 orc warriors (Orc:1)
  A bullfrog (Lair:3)
  28 jellies
  2 orc priests (Orc:2)
  An iron imp (Orc:2)
  2 orc wizards
  11 orcs
  2 ballistomycete spores (Lair:4)
49 creatures vanquished.

Grand Total: 554 creatures vanquished

Notes
Turn   | Place    | Note
-------+----------+-------------------------------------------
     0 | D:1      | DocEon the Draconian Shapeshifter began the quest for the
                  | Orb.
     0 | D:1      | Reached XP level 1. HP: 16/16 MP: 1/1
    73 | D:1      | Reached XP level 2. HP: 23/23 MP: 2/2
   296 | D:1      | Found a faded altar of an unknown god.
   407 | D:2      | Reached XP level 3. HP: 16/28 MP: 3/3
   527 | D:2      | Noticed Sigmund
   535 | D:2      | Killed Sigmund
   536 | D:2      | Reached skill level 5 in Shapeshifting
   536 | D:2      | Reached XP level 4. HP: 35/35 MP: 4/4
   536 | D:2      | Reached XP level 5. HP: 40/40 MP: 5/5
  1648 | D:3      | Noticed Jessica
  1653 | D:3      | Killed Jessica
  1738 | D:3      | Reached XP level 6. HP: 20/47 MP: 6/6
  1943 | D:3      | Found a runed translucent door.
  1944 | D:3      | Noticed Crazy Yiuf
  2277 | D:1      | Prayed at the altar of an unknown god.
  2277 | D:1      | Became a worshipper of Elyvilon the Healer
  2277 | D:1      | Reached * piety under Elyvilon
  2953 | D:4      | Reached ** piety under Elyvilon
  3016 | D:5      | Entered Level 5 of the Dungeon
  3330 | D:5      | Reached skill level 1 in Invocations
  3340 | D:5      | Found Tihusch's Antique Weapon Shoppe.
  3454 | D:5      | Found a staircase to the Ecumenical Temple.
  3496 | D:5      | Noticed an acid dragon
  3526 | D:5      | Your scales start taking on a dull iron-grey colour.
  3526 | D:5      | Reached XP level 7. HP: 45/53 MP: 7/7
  3659 | Temple   | Entered the Ecumenical Temple
  3709 | D:5      | Reached skill level 4 in Unarmed Combat
  3925 | D:6      | Reached XP level 8. HP: 58/62 MP: 9/9
  4201 | D:6      | Found an iron altar of Okawaru.
  4209 | D:6      | Reached *** piety under Elyvilon
  4222 | D:6      | Reached skill level 5 in Unarmed Combat
  4235 | D:6      | Noticed Duvessa
  4235 | D:6      | Noticed Dowan
  4239 | D:6      | Killed Dowan
  4250 | D:6      | Killed Duvessa
  4516 | D:6      | Noticed Blork the orc
  4525 | D:6      | Killed Blork the orc
  4612 | D:6      | Found a sparkling altar of Nemelex Xobeh.
  5191 | D:7      | Reached skill level 6 in Unarmed Combat
  5191 | D:7      | Reached XP level 9. HP: 71/71 MP: 11/11
  5356 | D:7      | Reached **** piety under Elyvilon
  5800 | D:7      | Noticed a komodo dragon
  5818 | D:7      | Killed a komodo dragon
  5999 | D:8      | Reached skill level 5 in Fighting
  6010 | D:8      | Reached skill level 7 in Unarmed Combat
  6598 | D:8      | Reached skill level 5 in Invocations
  7090 | D:9      | Reached XP level 10. HP: 23/81 MP: 9/13
  7398 | D:9      | Reached skill level 5 in Dodging
  7405 | D:9      | Reached skill level 8 in Unarmed Combat
  7516 | D:9      | Found a glowing golden altar of the Shining One.
  8365 | D:9      | Reached ***** piety under Elyvilon
  8502 | D:10     | Entered Level 10 of the Dungeon
  8502 | D:10     | Noticed a purple ugly thing
  8503 | D:10     | Pacified a purple ugly thing
  8503 | D:10     | Noticed a boulder beetle
  8516 | D:10     | Killed a boulder beetle
  8531 | D:10     | Reached skill level 9 in Unarmed Combat
  9182 | D:10     | Reached XP level 11. HP: 91/91 MP: 15/15
  9535 | D:11     | Noticed a two-headed ogre
  9543 | D:11     | Killed a two-headed ogre
 10074 | D:11     | Found a staircase to the Orcish Mines.
 10153 | D:11     | Identified a scroll of acquirement
 10153 | D:11     | Acquired the +1 pair of gloves "Vouc Yth" {rF+ rN+ Int+4
                  | Dex+3}
 10273 | D:11     | Found Gifuw's Magic Scroll Shoppe.
 10277 | D:11     | Bought a scroll of teleportation for 36 gold pieces
 10277 | D:11     | Bought a scroll of teleportation for 36 gold pieces
 10277 | D:11     | Bought a scroll of blinking for 90 gold pieces
 10330 | D:11     | Reached skill level 10 in Unarmed Combat
 10575 | D:11     | Found a staircase to the Lair.
 11252 | Lair:1   | Entered Level 1 of the Lair of Beasts
 11320 | Lair:1   | Reached skill level 10 in Shapeshifting
 11446 | Lair:1   | Noticed Maggie
 11460 | Lair:1   | Killed Maggie
 12196 | Lair:2   | Noticed a death yak
 12197 | Lair:2   | Noticed a death yak
 12753 | Lair:2   | Killed a death yak
 12762 | Lair:2   | Killed a death yak
 12763 | Lair:2   | Reached skill level 11 in Unarmed Combat
 12766 | Lair:2   | Reached XP level 12. HP: 53/103 MP: 14/17
 12965 | Lair:2   | Noticed a boulder beetle
 12992 | Lair:2   | Killed a boulder beetle
 13341 | Lair:2   | Noticed Amaemon
 13367 | Lair:2   | HP: 7/154 [Amaemon/-1 demon whip of venom (3)]
 13375 | Lair:2   | Killed Amaemon
 14570 | Lair:2   | Found a hole to the Spider Nest.
 14658 | Lair:3   | Noticed an eight-headed hydra
 14669 | Lair:3   | Killed an eight-headed hydra
 14675 | Lair:2   | Reached skill level 12 in Unarmed Combat
 14831 | Lair:3   | Noticed Fannar
 14854 | Lair:3   | Killed Fannar
 15183 | Lair:3   | Found a staircase to the Shoals.
 15453 | Lair:3   | Learned a level 5 spell: Lee's Rapid Deconstruction
 16086 | Lair:4   | Noticed a death yak
 16095 | Lair:4   | Noticed a death yak
 16099 | Lair:4   | Noticed a death yak
 16118 | Lair:3   | Killed a death yak
 16119 | Lair:3   | Reached skill level 1 in Earth Magic
 16302 | Lair:4   | Noticed a five-headed hydra
 16313 | Lair:3   | Pacified a death yak
 16326 | Lair:3   | Killed a death yak
 16590 | Lair:4   | Killed a five-headed hydra
 16591 | Lair:4   | Reached XP level 13. HP: 78/111 MP: 19/19
 17185 | Lair:4   | Learned a level 4 spell: Leda's Liquefaction
 17393 | Lair:4   | Reached ****** piety under Elyvilon
 17566 | Lair:4   | Found a viscous altar of Jiyva.
 18004 | Lair:4   | Learned a level 2 spell: Lesser Beckoning
 18008 | Lair:4   | Found a staircase to the Slime Pits.
 18276 | Lair:4   | Elyvilon protects you from harm!
 18763 | Lair:4   | Fell from the grace of Elyvilon
 18763 | Lair:4   | Became a worshipper of Jiyva Joufunum the Shapeless
 18928 | Lair:5   | Entered Level 5 of the Lair of Beasts
 19545 | Lair:5   | Reached skill level 10 in Fighting
 19545 | Lair:5   | Reached skill level 13 in Unarmed Combat
 20094 | Lair:5   | Reached * piety under Jiyva
 20473 | Orc:1    | Entered Level 1 of the Orcish Mines
 20574 | Orc:1    | Found Danyi's Assorted Antiques.
 20598 | Orc:1    | Bought a scroll labelled AVININ TIUQ for 28 gold pieces
 20598 | Orc:1    | Bought a scroll of identify for 56 gold pieces
 20652 | Orc:1    | Noticed Erolcha
 20676 | Orc:1    | Killed Erolcha
 20986 | Orc:1    | Found Ucoclu Patiff's Specific Store.
 20990 | Orc:1    | Found Gietiess's General Store.
 20994 | Orc:1    | Bought a potion of mutation for 112 gold pieces
 20994 | Orc:1    | Bought a scroll of identify for 28 gold pieces
 21002 | Orc:1    | Bought a scroll of identify for 28 gold pieces
 21152 | Orc:2    | Entered Level 2 of the Orcish Mines
 21152 | Orc:2    | Found Culasicw's Assorted Antiques.
 21670 | Orc:2    | Reached skill level 5 in Earth Magic
 21670 | Orc:2    | Identified the +0 hat of Pufamum {rCorr}
 21671 | Orc:2    | Identified the +1 hat "Yphoelut" {rElec Regen+ Str+3
                  | Stlth-}
 21838 | Orc:2    | Reached ** piety under Jiyva
 21838 | Orc:2    | Noticed Azrael
 21862 | Orc:2    | Killed Azrael
 21863 | Orc:2    | Reached XP level 14. HP: 102/122 MP: 21/21
 21883 | Orc:2    | Found a staircase to the Elven Halls.
 21979 | Orc:2    | Noticed Nergalle
 21994 | Orc:2    | Killed Nergalle
 22105 | Orc:2    | Noticed an orc warlord
 22137 | Orc:2    | Killed an orc warlord
 22138 | Orc:2    | Reached skill level 14 in Unarmed Combat
 22151 | Orc:2    | HP: 5/122 [sun demon[an orc warlord] (20)]
 22723 | Orc:2    | Found Ovazisic's Antique Weapon Emporium.
 22745 | Orc:2    | Found Diejemp's Book Emporium.
 22760 | Orc:2    | Bought a book of Geomancy for 198 gold pieces
 22763 | Orc:2    | Learned a level 2 spell: Passwall
 22796 | Orc:2    | Found Asaurac's Antique Armour Emporium.
 22802 | Orc:2    | Bought a pair of glowing boots for 232 gold pieces
 22850 | Orc:2    | Found Dapliced's General Store.
 23111 | Slime:1  | Entered Level 1 of the Pits of Slime
 23126 | Slime:3  | Noticed an azure jelly
 23126 | Slime:3  | Noticed a quicksilver ooze
 23131 | Slime:3  | Noticed an acid blob
 23132 | Slime:3  | Noticed an azure jelly
 23133 | Slime:3  | Noticed an acid blob
 23134 | Slime:3  | Noticed an acid blob
 23137 | Slime:3  | Noticed an acid blob
 23141 | Slime:4  | Noticed an acid blob
 23146 | Slime:4  | Noticed a quicksilver ooze
 23152 | Slime:5  | Entered Level 5 of the Pits of Slime
 23152 | Slime:5  | Noticed a rockslime
 23153 | Slime:5  | Noticed an acid blob
 23156 | Slime:5  | Noticed an acid blob
 23158 | Slime:5  | Noticed a formless jellyfish
 23245 | Slime:5  | Found a viscous altar of Jiyva.
 23252 | Slime:5  | Noticed a quicksilver ooze
 23256 | Slime:5  | Noticed an acid blob
 23257 | Slime:5  | Noticed a quicksilver ooze
 23268 | Slime:5  | Noticed a quicksilver ooze
 23279 | Slime:5  | Noticed a formless jellyfish
 23281 | Slime:5  | Noticed a formless jellyfish
 23282 | Slime:5  | Noticed a formless jellyfish
 23368 | Slime:5  | Noticed an acid blob
 23375 | Slime:5  | Noticed the Royal Jelly
 23407 | Slime:5  | Noticed an acid blob
 23416 | Slime:5  | Noticed an acid blob
 23421 | Slime:5  | Noticed an acid blob
 23424 | Slime:5  | Noticed an acid blob
 23476 | Slime:5  | Noticed an azure jelly
 23497 | Slime:5  | Noticed an azure jelly
 23548 | Slime:5  | Noticed an acid blob
 24137 | Lair:5   | Identified the amulet of Mistrust {Harm rElec Will- Regen+
                  | Int+5}
 24191 | Lair:5   | Reached skill level 1 in Spellcasting
 25166 | D:12     | Noticed Gastronok
 25186 | D:12     | Killed Gastronok
 25507 | D:12     | Found Tikk's Jewellery Boutique.
 25513 | D:12     | Noticed a storm dragon
 25516 | D:12     | Noticed a frost giant
 25518 | D:12     | Noticed a sphinx
 25688 | D:12     | Killed a storm dragon
 25695 | D:12     | Paralysed by a sphinx for 2 turns
 25703 | D:12     | Killed a sphinx
 25704 | D:12     | Mangled by a frost giant

Illustrated notes

Levels and vault maps discovered:
D:1:      scummos_arrival_checkerplants, layout_rooms,
          ebering_ecumenical_altar_hall
D:2:      layout_rooms, corexii_shack, chequers_serial_rivers_room_b,
          uniq_sigmund
D:3:      layout_loops_cross, uniq_jessica, uniq_crazy_yiuf_cottage
D:4:      layout_cave_pools, minmay_vboxes
D:5:      layout_basic, minmay_temple_entry_drinking_statues, serial_shops,
          shop, minmay_puff
D:6:      nicolae_cairo_tiling_large_dashed, layout_cave_pools,
          mainiacjoe_overflow_alcove_1, mainiacjoe_overflow_tiny_flanked,
          uniq_blork_the_orc, uniq_duvessa
D:7:      layout_loops_cross, minmay_lizard_king
D:8:      layout_basic
D:9:      layout_irregular_city, tso_metal_star, serial_rivers,
          chequers_serial_rivers_micro_e, chequers_serial_rivers_large_b,
          chequers_serial_rivers_room_b, chequers_serial_rivers_room_a,
          chequers_serial_rivers_micro_a, evilmike_butchery
D:10:     layout_irregular_city, grunt_ministairs_4, nzn_sisyphean_effort
D:11:     layout_layer_cave, minmay_lair_entry_grove, orc_0_dummy, serial_shops,
          nicolae_shop_back_alley_shop
D:12:     minmay_guarded_unrand_guard, layout_long_grid, serial_shops,
          kennysheep_mini, hangedman_tell_no_tales, uniq_gastronok
Temple:   nicolae_temple_bog_church
Lair:1:   layout_loops_ring, uniq_maggie
Lair:2:   layout_chaotic_city, hellmonk_spider_entry_life_and_decay,
          grunt_megastairs_4, infiniplex_staircase_pool_2, uniq_amaemon
Lair:3:   layout_chaotic_city, shoals_dummy_entry, lemuel_fruit_fields,
          uniq_fannar
Lair:4:   layout_layer_cave, minmay_slime_entry_oklob_enclosed,
          grunt_megastairs_1
Lair:5:   due_jungle_book, layout_loops_ring, st_stairs_6, minmay_hedge_maze,
          wad_woods_03, infiniplex_staircase_pool, serial_bayou_shore_a
Slime:1:  layout_caves
Slime:2:  nicolae_slime_pool, layout_caves, amcnicky_altar_lugonu_corruption
Slime:3:  layout_caves
Slime:4:  layout_caves
Slime:5:  slime_pit_nicolae_trefoil
Orc:1:    layout_diamond_mine, serial_shops, nicolae_shop_waterfront,
          nicolae_specific_store, uniq_erolcha
Orc:2:    grunt_orc_cross, layout_caves, basic_altar, serial_shops, shop,
          hangedman_minor_magic, uniq_azrael

Skill      XL: |  1  2  3  4  5  6  7  8  9 10 11 12 13 14 |
---------------+-------------------------------------------+-----
Shapeshifting  | 4 5 6 7 8 9 10 11 12 | 12.1
Dodging        | 2 3 4 5 7 8 9 |  9.9
Invocations    | 1 2 3 5 6 7 9 |  9.8
Fighting       | 2 4 5 6 8 9 10 11 | 11.7
Unarmed Combat | 4 6 7 9 11 12 13 14 | 14.9
Earth Magic    | 1 5 7 |  7.2
Spellcasting   | 3 |  3.0

Action                     |  1- 3 |  4- 6 |  7- 9 | 10-12 | 13-15 || total
---------------------------+-------+-------+-------+-------+-------++-------
  Melee: Unarmed           |    59 |   155 |   375 |   671 |   948 ||  2208
         Tailslap          |     7 |    20 |    81 |   129 |   210 ||   447
         Punch             |     1 |       |       |     1 |    15 ||    17
 Invoke: Heal Self         |       |       |     2 |     7 |     1 ||    10
         Purification      |       |       |     1 |     5 |       ||     6
         Heal Other        |       |       |       |     4 |       ||     4
  Evoke: Wand              |       |       |       |    21 |    20 ||    41
    Use: Potion            |     1 |       |       |     3 |     5 ||     9
         Scroll            |       |    11 |     7 |    11 |    12 ||    41
 Armour: Skin              |    32 |    76 |   225 |   554 |   674 ||  1561
  Dodge: Dodged            |    27 |    90 |   241 |   506 |   756 ||  1620
   Form: Flux              |       |     1 |       |       |     1 ||     2
         Blade             |       |       |       |       |     1 ||     1

Table legend: (Time is in decaauts)
 A = Elapsed time spent in this place.
 B = Non-inter-level travel time spent in this place.
 C = Inter-level travel time spent in this place.
 D = Time resting spent in this place.
 E = Time spent auto-exploring this place.
 F = Levels seen in this place.
 G = Mean time per level.
                   A        B        C        D        E       F      G
               +--------+--------+--------+--------+--------+-----+--------+
         Total |  25369 |  23834 |   1535 |   7304 |  12141 |  25 | 1014.8 |
       Dungeon |  11850 |  11233 |    617 |   2178 |   7089 |  12 |  987.5 |
        Temple |      1 |      1 |      0 |      0 |      0 |   1 |    1.0 |
          Lair |  10638 |   9939 |    699 |   4377 |   4062 |   5 | 2127.6 |
    Slime Pits |    546 |    460 |     86 |      0 |    305 |   5 |  109.2 |
  Orcish Mines |   2332 |   2199 |    133 |    747 |    685 |   2 | 1166.0 |
               +--------+--------+--------+--------+--------+-----+--------+

Top non-repeatable levels by time:
  Lair:4: 3181 daAuts
  Lair:2: 2666 daAuts
  Lair:5: 2300 daAuts
    D:11: 1976 daAuts
  Lair:3: 1511 daAuts
     D:9: 1466 daAuts
   Orc:2: 1401 daAuts
     D:3: 1210 daAuts
     D:8: 1118 daAuts
    D:10: 1014 daAuts
     D:7: 989 daAuts
     D:6: 984 daAuts
  Lair:1: 978 daAuts
   Orc:1: 930 daAuts
     D:5: 870 daAuts
